 Dungeon Crawl Stone Soup version 0.18-b1-22-ge198996 (webtiles) character file.

42 Guinours the Bolt Thrower (level 3, -1/29 HPs)
             Began as a Centaur Hunter on May 3, 2016.
             Slain by a scorpion (5 damage)
             ... on level 4 of the Dungeon on May 4, 2016.
             The game lasted 00:16:00 (1073 turns).

Guinours the Bolt Thrower (Centaur Hunter)          Turns: 1073, Time: 00:16:00

Health: -1/29      AC:  7    Str: 14    XL:     3   Next: 33%
Magic:  3/3        EV:  4    Int: 10    God:
Gold:   34         SH:  0    Dex: 10    Spells: 0 memorised, 2 levels left

rFire  . . .     SeeInvis .     w - -1 spear (curse)
rCold  . . .     Gourm    .     t - +0 chain mail
rNeg   . . .     Faith    .     (no shield)
rPois  .         Spirit   .     (no helmet)
rElec  .         Dismiss  .     (no cloak)
rCorr  .         Reflect  .     (no gloves)
SustAt .         Harm     .     (no barding)
MR     .....                    (no amulet)
Stlth  ..........               (no ring)
                                (no ring)

@: very quick, not resistant to hostile enchantments, extremely unstealthy
A: hooves 3, deformed body, speed 2, tough skin 3
a: no special abilities


You were on level 4 of the Dungeon.
You were not hungry.

You visited 1 branch of the dungeon, and saw 4 of its levels.

You collected 34 gold pieces.

Inventory:

Hand Weapons
 a - a +1 hand crossbow
 b - a +0 short sword
 h - a +0 dagger
 i - a +0 hand axe
 l - a +0 club
 o - a +0 club
 q - a +0 whip
 s - a +3 whip
 u - a +0 whip
 v - a +0 mace
 w - a cursed -1 spear (weapon)
 x - a +0 falchion
 y - a +0 club
Missiles
 d - 35 bolts (quivered)
 j - 32 stones
 n - 14 arrows
 p - 2 tomahawks
Armour
 c - a +0 leather armour
 t - a +0 chain mail (worn)
Scrolls
 e - a scroll of blinking {unknown}
 g - 2 scrolls of enchant armour {unknown}
 m - a scroll of enchant weapon {unknown}
 r - a scroll of identify {unknown}
Potions
 k - a potion of mutation {unknown}
 z - a potion of brilliance {unknown}
Comestibles
 f - 3 bread rations


   Skills:
 + Level 2.0 Fighting
 + Level 5.4 Crossbows
 + Level 0.1 Armour
 + Level 1.7 Dodging
 + Level 0.5 Stealth


You had 2 spell levels left.
You didn't know any spells.

Dungeon Overview and Level Annotations

Branches:
Dungeon (4/15)
 Temple: D:4-7

Altars:
Nemelex Xobeh


Innate Abilities, Weirdness & Mutations

You have hooves in place of feet.
Armour fits poorly on your strangely shaped body.
You cover ground very quickly.
You have extremely tough skin (AC +3).


Message History

The scorpion is moderately wounded.
The scorpion completely misses you.
You closely miss the scorpion.
You kick the scorpion, but do no damage.
The scorpion is moderately wounded.
The scorpion stings you but does no damage.
You barely miss the scorpion.
The scorpion is moderately wounded.
The scorpion stings you but does no damage.
You hit the scorpion. Your kick misses the scorpion.
The scorpion is severely wounded.
The scorpion stings you but does no damage.
You hit the scorpion. Your kick misses the scorpion.
The scorpion is severely wounded.
The scorpion stings you.
* * * LOW HITPOINT WARNING * * *
You closely miss the scorpion. You kick the scorpion.
The scorpion is almost dead.
The scorpion stings you.
You die...

### ....
#######.!...
#..#.........#
......s@....#
#############


You could see a scorpion.

Vanquished Creatures
  2 adders
  A giant gecko (D:3)
  2 giant cockroaches
  5 goblins
  4 hobgoblins
  A kobold (D:3)
  A ball python (D:1)
  4 bats (D:3)
  2 rats
22 creatures vanquished.

Notes
Turn   | Place    | Note
--------------------------------------------------------------
     0 | D:1      | Guinours the Centaur Hunter began the quest for the Orb.
     0 | D:1      | Reached XP level 1. HP: 17/17 MP: 1/1
   176 | D:2      | Reached skill level 5 in Crossbows
   176 | D:2      | Reached XP level 2. HP: 22/24 MP: 2/2
   443 | D:3      | Found a sparkling altar of Nemelex Xobeh.
   547 | D:3      | Reached XP level 3. HP: 29/29 MP: 3/3
  1055 | D:4      | Noticed a scorpion
  1073 | D:4      | Slain by a scorpion

Skill      XL: |  1 |
---------------+----+-----
Crossbows      | 5 |  5.4
Fighting       | |  2.0
Armour         | |  0.1
Dodging        | |  1.7
Stealth        | |  0.5

Action                   || total
-------------------------++-------
Melee: Hand crossbow     ||     3
       Kick              ||     6
       Spear             ||    45
 Fire: Hand crossbow     ||    34
Throw: Stone             ||    19
       Tomahawk          ||     1
Armor: Leather armour    ||     4
       Chain mail        ||    94
Dodge: Dodged            ||    27
